 Dungeon Crawl Stone Soup version 0.25-a0-577-ga4619f409e (webtiles) character file.

Game seed: 15809376064676731939, levelgen mode: deterministic

72 Flugslaktarn the Skirmisher (level 4, -1/40 HPs)
             Began as a Minotaur Fighter on Mar 3, 2020.
             Killed from afar by an orc wizard (6 damage)
             ... with a puff of flame
             ... on level 3 of the Dungeon.
             The game lasted 00:00:24 (877 turns).

Flugslaktarn the Skirmisher (Minotaur Fighter)       Turns: 877, Time: 00:00:24

Health: -1/40      AC:  9    Str: 22    XL:     4   Next: 6%
Magic:  3/3        EV:  5    Int:  5    God:
Gold:   57         SH:  9    Dex:  9    Spells: 3/3 levels left

rFire    . . .     SeeInvis .   a - +0 war axe
rCold    . . .     Gourm    .   c - +0 kite shield
rNeg     . . .     Faith    .   l - +0 chain mail
rPois    .         Spirit   .   (helmet restricted)
rElec    .         Reflect  .   (no cloak)
rCorr    .         Harm     .   (no gloves)
MR       .....                  (no boots)
Stlth    ..........             (no amulet)
HPRegen  0.13/turn              (no ring)
MPRegen  0.08/turn              (no ring)

@: no status effects
A: retaliatory headbutt, horns 2
a: no special abilities


You were on level 3 of the Dungeon.
You were not hungry.

You visited 1 branch of the dungeon, and saw 3 of its levels.

You collected 57 gold pieces.

Inventory:

Hand Weapons
 a - a +0 war axe (weapon)
Armour
 b - a +0 scale mail
 c - a +0 kite shield (worn)
 l - a +0 chain mail (worn)
   (You found it on level 2 of the Dungeon)
Jewellery
 h - an uncursed ring of stealth {unknown}
   (You found it on level 1 of the Dungeon)
Scrolls
 f - a scroll of enchant armour {unknown}
 g - 2 scrolls of remove curse {unknown}
Potions
 d - a potion of might
 i - a potion of curing {unknown}
 k - a potion of brilliance {unknown}
Comestibles
 e - 2 rations
 j - 4 chunks of flesh


   Skills:
 + Level 4.2 Fighting
 * Level 3.8 Axes
 + Level 4.2 Armour
 + Level 4.1 Shields


You had 3 spell levels left.
You didn't know any spells.
Your spell library was empty.

Dungeon Overview and Level Annotations

Branches:
Dungeon (3/15)

Altars:


Innate Abilities, Weirdness & Mutations

You reflexively headbutt those who attack you in melee.
You have a pair of horns on your head.


Message History

A puff of flame appears from out of thin air!
The puff of flame hits you.
The jackal bites you but does no damage.
The orc priest mumbles some strange prayers to Beogh against you.
Beogh smites you!
* * * LOW HITPOINT WARNING * * *
The orc hits you but does no damage. The jackal closely misses you.
The jackal bites you but does no damage.
You are too injured to fight recklessly!
You are too injured to fight recklessly!
You are too injured to fight recklessly!
You are too injured to fight recklessly!
You are too injured to fight recklessly!
You are too injured to fight recklessly!
You are too injured to fight recklessly!
The jackal bites you but does no damage.
You hear some strange, mumbled words.
A puff of flame appears from out of thin air!
The puff of flame hits you.
You die...

.. #..
#.####..
.......##.
#....$....
#.........
#.........
#.hh......
#.@h......
#†(o......
#.........)
..o##......#
.... ......#
#####
......#
......#
......#


You could see an orc priest, an orc and 3 jackals.

Vanquished Creatures
  4 adders
  2 worms (D:2)
  3 leopard geckos (D:2)
  2 orcs (D:3)
  A giant cockroach (D:1)
  3 hobgoblins
  A jackal (D:3)
  3 bats
  A frilled lizard (D:2)
  3 goblins
  3 rats (D:2)
26 creatures vanquished.

Notes
Turn   | Place    | Note
-------+----------+-------------------------------------------
     0 | D:1      | Flugslaktarn the Minotaur Fighter began the quest for the
                  | Orb.
     0 | D:1      | Reached XP level 1. HP: 19/19 MP: 0/0
   335 | D:2      | Reached XP level 2. HP: 16/27 MP: 1/1
   529 | D:2      | Reached XP level 3. HP: 33/33 MP: 2/2
   874 | D:3      | Reached XP level 4. HP: 40/40 MP: 3/3
   877 | D:3      | Killed from afar by an orc wizard

Levels and vault maps discovered:
D:1:      dpeg_arrival_concentric_ovals, layout_basic
D:2:      layout_loops_cross, lemuel_doored_altar, first_ration,
          kennysheep_minor_cross
D:3:      layout_rooms, makhleb_heckhound_becter,
          chequers_temple_overflow_statue_of_worship

Skill      XL: |  1  2 |
---------------+-------+-----
Axes           | 3 |  3.8
Fighting       | 4 |  4.2
Armour         | 4 |  4.2
Shields        | 4 |  4.1

Action                   |  1- 3 |  4- 6 || total
-------------------------+-------+-------++-------
Melee: War axe           |    67 |     2 ||    69
       Headbutt          |     5 |       ||     5
Armor: Scale mail        |    17 |       ||    17
       Chain mail        |    19 |    10 ||    29
Dodge: Dodged            |    19 |     1 ||    20
Block: Kite shield       |    32 |     2 ||    34

Table legend:
 A = Non-vault XP
 B = Vault XP
 C = Vault XP percentage of total XP
 D = Non-vault monster count
 E = Vault monster count
 F = Vault count percentage of total count
                 A         B        C        D         E       F
            +---------+---------+-------+---------+---------+-------
      Total |     103 |       0 |   0.0 |      26 |       0 |   0.0
            +---------+---------+-------+---------+---------+-------
        D:1 |       7 |       0 |   0.0 |       5 |       0 |   0.0
        D:2 |      74 |       0 |   0.0 |      17 |       0 |   0.0
        D:3 |      22 |       0 |   0.0 |       4 |       0 |   0.0
            +---------+---------+-------+---------+---------+-------
